 Dungeon Crawl Stone Soup version 0.31-a0-625-gc9c7e45f3f (webtiles) character file.

Game seed: 1377195117798004096

3136657 Izden the Axe Maniac (level 27, 199/273 HPs)
             Began as a Minotaur Fighter on Aug 23, 2023.
             Was the Champion of Okawaru.
             Escaped with the Orb
             ... and 5 runes on Aug 24, 2023!
             The game lasted 02:52:32 (74065 turns).

Izden the Axe Maniac (Minotaur Fighter)            Turns: 74065, Time: 02:52:33

Health: 199/273    AC: 46    Str: 37      XL:     27
Magic:  19/19      EV: 41    Int:  9 (10) God:    Okawaru [******]
Gold:   5717       SH: 39    Dex: 22      Spells: 26/26 levels left

rFire   + + +        b - +9 broad axe (holy)
rCold   x . .        T - +8 tower shield of Wejeu {+Blink}
rNeg    + . .        V - +10 pearl dragon scales "Plog" {rF+ rN+ Regen+ Dex+3}
rPois   .            d - +1 hat of Spite {rCorr}
rElec   +            D - +1 cloak of Starlight {*Dazzle EV+4 Stlth--}
rCorr   +            x - +2 pair of gloves {Dex+3}
SInv    +            l - +2 pair of boots of Vokhoep {rElec rC+ Regen+}
Will    ++...        O - dreamshard necklace {Acrobat *Dream} Stlth
                     q - ring of Diegas {rElec rF+ EV+5 Stlth+}
HPRegen 2.25/turn    F - ring "Niehoas" {rF++ rC- Int+6 Dex+5}
MPRegen 0.16/turn

%: acrobat
@: mildly poisoned (199 -> 166)
A: horns 2, retaliatory headbutt, iridescent scales 1, large bone plates 1, see
invisible, deterioration 1, low MP 1, strong 1, cold vulnerability 1, inability
to drink after injury 1
0: Orb of Zot
}: 5/15 runes: barnacled, slimy, silver, abyssal, gossamer
a: Renounce Religion, Evoke Blink, Heroism, Finesse, Duel


You escaped.
You worshipped Okawaru.
Okawaru was exalted by your worship.
You visited 12 branches of the dungeon, and saw 56 of its levels.
You visited the Abyss 6 times.
You visited 1 ziggurat, and saw 14 of its levels.
You also visited: Ossuary, Bailey, Gauntlet, Ice Cave and Wizlab.

You collected 10618 gold pieces.
You spent 4901 gold pieces at shops.

Inventory:

Hand Weapons
 b - a +9 broad axe of holy wrath (weapon)
 u - a +9 broad axe of electrocution
Missiles
 t - 7 throwing nets
Armour
 d - the +1 hat of Spite (worn) {rCorr}
   (Okawaru gifted it to you on level 2 of the Vaults)

   rCorr:     It protects you from acid and corrosion.
 l - the +2 pair of boots of Vokhoep (worn) {rElec rC+ Regen+}
   (Okawaru gifted it to you on level 2 of the Spider Nest)

   rC+:       It protects you from cold.
   rElec:     It insulates you from electricity.
   Regen+:    It increases your rate of health regeneration.
 x - a +2 pair of gloves of dexterity (worn)
 D - the +1 cloak of Starlight (worn) {*Dazzle EV+4 Stlth--}
   (You found it on level 4 of the Shoals)

   *Dazzle:   It may blind those who miss an attack against the wearer in melee
   combat.
   EV+4:      It affects your evasion (+4).
   Stlth--:   It makes you much less stealthy.
 G - the +16 plate armour "Efuesid" {rN++ Int-5}
   (Okawaru gifted it to you on level 4 of the Shoals)

   Int-5:     It affects your intelligence (-5).
   rN++:      It greatly protects you from negative energy.
 I - the +6 pearl dragon scales "Xiallugu" {rN+ SInv}
   (Okawaru gifted it to you on level 14 of the Dungeon)

   rN+:       It protects you from negative energy.
   SInv:      It lets you see invisible.
 J - the +1 pair of boots "Tuch" {rF- Slay+5}
   (You found it in a Gauntlet)

   Slay+5:    It affects your accuracy & damage with ranged weapons and melee
   (+5).
   rF-:       It makes you vulnerable to fire.
 P - the +2 buckler of the Stone Wall {Str+3 Int+2 Dex+2 Slay+3}
   (Okawaru gifted it to you on level 15 of the Dungeon)

   Str+3:     It affects your strength (+3).
   Int+2:     It affects your intelligence (+2).
   Dex+2:     It affects your dexterity (+2).
   Slay+3:    It affects your accuracy & damage with ranged weapons and melee
   (+3).
 T - the +8 tower shield of Wejeu (worn) {+Blink}
   (You acquired it on level 13 of a ziggurat)

   +Blink:    It lets you blink.
 U - the +4 crystal plate armour "Elukuc" {Drain Int+10 Slay+2 Stlth-}
   (Okawaru gifted it to you on level 3 of the Abyss)

   Int+10:    It affects your intelligence (+10).
   Slay+2:    It affects your accuracy & damage with ranged weapons and melee
   (+2).
   Drain:     It drains your maximum health when unequipped.
   Stlth-:    It makes you less stealthy.
 V - the +10 pearl dragon scales "Plog" (worn) {rF+ rN+ Regen+ Dex+3}
   (You found it on level 14 of a ziggurat)

   Dex+3:     It affects your dexterity (+3).
   rF+:       It protects you from fire.
   rN+:       It protects you from negative energy.
   Regen+:    It increases your rate of health regeneration.
Jewellery
 c - the amulet "Woegum" {rPois Regen+}
   (You acquired it on level 9 of a ziggurat)

   [amulet of regeneration]

   rPois:     It protects you from poison Regen+: It increases your rate of
   health regeneration.
 q - the ring of Diegas (left hand) {rElec rF+ EV+5 Stlth+}
   (You found it in a Gauntlet)

   [ring of evasion]

   EV+5:      It affects your evasion (+5).
   rF+:       It protects you from fire.
   rElec:     It insulates you from electricity.
   Stlth+:    It makes you more stealthy.
 F - the ring "Niehoas" (right hand) {rF++ rC- Int+6 Dex+5}
   (You found it on level 10 of a ziggurat)

   [ring of intelligence]

   Int+6:     It affects your intelligence (+6).
   Dex+5:     It affects your dexterity (+5).
   rF++:      It greatly protects you from fire.
   rC-:       It makes you vulnerable to cold.
 O - the dreamshard necklace (around neck) {Acrobat *Dream}
   (You found it on level 11 of a ziggurat)

   [amulet of the acrobat]

   *Dream:    It absorbs a single lethal wound into itself, holding its wearer
   just short of death and releasing dream-creatures to guard them.
   Acrobat:   It increases your evasion while moving and waiting.
 S - a +4 ring of slaying
 X - a ring of flight
 Z - the ring of Eternal Night {rN++ Str+6 Int+2}
   (You found it on level 3 of the Elven Halls)

   [ring of strength]

   Str+6:     It affects your strength (+6).
   Int+2:     It affects your intelligence (+2).
   rN++:      It greatly protects you from negative energy.
Wands
 g - a wand of iceblast (2)
 j - a wand of quicksilver (69)
 k - a wand of digging (13)
Scrolls
 a - 2 scrolls of enchant armour
 f - 9 scrolls of immolation
 r - 32 scrolls of teleportation
 w - 11 scrolls of blinking
 y - 8 scrolls of fear
 H - 5 scrolls of silence
 Q - 12 scrolls of fog
 R - 9 scrolls of revelation
Potions
 e - 9 potions of ambrosia
 i - 6 potions of attraction
 m - 34 potions of curing
 o - 7 potions of magic
 z - 4 potions of heal wounds
 A - 4 potions of enlightenment
 B - 8 potions of mutation
 C - 5 potions of haste
 N - 3 potions of cancellation
 W - 5 potions of berserk rage
 Y - 4 potions of invisibility


   Skills:
 O Level 27 Fighting
 O Level 27 Axes
 O Level 27 Armour
 O Level 27 Dodging
 O Level 27 Shields
 + Level 18.0 Shapeshifting


You had 26 spell levels left.
You didn't know any spells.
Your spell library contained the following spells:

 Spells                   Type           Power      Damage    Failure   Level
 Apportation              Tloc           0%         N/A       50%         1
 Foxfire                  Conj/Fire      0%         2x1d4     50%         1
 Freeze                   Ice            0%         1d3       50%         1
 Magic Dart               Conj           0%         1d3       50%         1
 Sandblast                Erth           0%         2d4       50%         1
 Shock                    Conj/Air       0%         1d3       50%         1
 Sting                    Tmut/Pois      0%         1d3       50%         1
 Blink                    Tloc           0%         N/A       63%         2
 Cigotuvi's Dreadful Rot  Necr/Pois/Air  0%         N/A       63%         2
 Ensorcelled Hibernation  Hex/Ice        0%         N/A       63%         2
 Lesser Beckoning         Tloc           0%         N/A       63%         2
 Momentum Strike          Conj/Tloc      0%         3d8       63%         2
 Passwall                 Tmut/Erth      0%         N/A       63%         2
 Poisonous Vapours        Pois/Air       0%         N/A       63%         2
 Scorch                   Fire           0%         2d5       63%         2
 Searing Ray              Conj           0%         2d4       63%         2
 Static Discharge         Conj/Air       0%         2-2/arc   63%         2
 Sublimation of Blood     Necr           0%         N/A       63%         2
 Wereblood                Tmut           0%         N/A       63%         2
 Dazzling Flash           Conj/Hex       0%         N/A       86%         3
 Frozen Ramparts          Ice            0%         1d1       86%         3
 Gell's Gravitas          Tloc           0%         N/A       86%         3
 Hailstorm                Conj/Ice       0%         3d3       86%         3
 Ignite Poison            Fire/Tmut/Pois 0%         N/A       86%         3
 Inner Flame              Hex/Fire       0%         N/A       86%         3
 Mephitic Cloud           Conj/Pois/Air  0%         N/A       86%         3
 Ozocubu's Armour         Ice            0%         N/A       86%         3
 Portal Projectile        Hex/Tloc       0%         N/A       86%         3
 Stone Arrow              Conj/Erth      0%         3d7       86%         3
 Swiftness                Air            0%         N/A       86%         3
 Teleport Other           Tloc           0%         N/A       86%         3
 Vhi's Electric Charge    Tloc/Air       0%         N/A       86%         3
 Volatile Blastmotes      Fire/Tloc      0%         2d10      86%         3
 Airstrike                Air            0%         2d(0-16)  99%         4
 Anguish                  Hex/Necr       0%         N/A       99%         4
 Cause Fear               Hex            0%         N/A       99%         4
 Flame Wave               Conj/Fire      0%         2d4       99%         4
 Fulminant Prism          Conj/Hex       0%         3d5       99%         4
 Iskenderun's Mystic Bla  Conj/Tloc      0%         2d3       99%         4
 Leda's Liquefaction      Hex/Erth       0%         N/A       99%         4
 Olgreb's Toxic Radiance  Pois           0%         N/A       99%         4
 Passage of Golubria      Tloc           0%         N/A       99%         4
 Petrify                  Tmut/Erth      0%         N/A       99%         4
 Sticky Flame             Conj/Fire      0%         2d3       99%         4
 Agony                    Necr           0%         N/A       100%        5
 Alistair's Intoxication  Tmut/Pois      0%         N/A       100%        5
 Arcjolt                  Conj/Air       0%         1d10      100%        5
 Borgnjor's Vile Clutch   Necr/Erth      0%         N/A       100%        5
 Freezing Cloud           Conj/Ice/Air   0%         6-21      100%        5
 Irradiate                Conj/Tmut      0%         3d11      100%        5
 Lee's Rapid Deconstruct  Erth           0%         3d4*      100%        5
 Metabolic Englaciation   Hex/Ice        0%         N/A       100%        5
 Silence                  Hex/Air        0%         N/A       100%        5
 Yara's Violent Unravell  Hex/Tmut       0%         3d3       100%        5
 Conjure Ball Lightning   Conj/Air       0%         3x3d6     100%        6
 Dispersal                Tloc           0%         N/A       100%        6
 Eringya's Noxious Bog    Tmut/Pois      0%         4d6       100%        6
 Leda's Unmaking          Conj/Erth      0%         9d1       100%        6
 Plasma Beam              Fire/Air       0%         2x1d10    100%        6
 Starburst                Conj/Fire      0%         6d3       100%        6
 Enfeeble                 Hex            0%         N/A       100%        7
 Ozocubu's Refrigeration  Ice            0%         4d7       100%        7
 Discord                  Hex            0%         N/A       100%        8
 Disjunction              Tloc           0%         N/A       100%        8
 Ignition                 Fire           0%         3d3       100%        8
 Lehudib's Crystal Spear  Conj/Erth      0%         10d2      100%        8
 Maxwell's Capacitive Co  Air            0%         ∞         100%        8
 Polar Vortex             Ice            0%         N/A       100%        9
 Call Imp                 Summ           Unusable   N/A       N/A         2
 Tukima's Dance           Hex            Unusable   N/A       N/A         3
 Summon Lightning Spire   Summ/Air       Unusable   N/A       N/A         4
 Death Channel            Necr           Unusable   N/A       N/A         6
 Simulacrum               Ice/Necr       Unusable   N/A       N/A         6
 Summon Cactus Giant      Summ           Unusable   N/A       N/A         6

Dungeon Overview and Level Annotations

Branches:
Dungeon (15/15)            Temple (1/1) D:5            Lair (5/5) D:10
 Shoals (4/4) Lair:3       Spider (4/4) Lair:3        Slime (5/5) Lair:4
    Orc (2/2) D:10            Elf (3/3) Orc:2        Vaults (5/5) D:14
  Crypt (3/3) Vaults:3       Tomb (0/3) Crypt:3      Depths (4/4) D:15
    Zot (5/5) Depths:4    Ossuary (visited)          Bailey (visited)
  IceCv (visited)          WizLab (visited)         Gauntlet (visited)

Altars:
Ashenzari
Cheibriados
Dithmenos
Elyvilon
Fedhas
Gozag
Hepliaklqana
Kikubaaqudgha
Makhleb
Nemelex Xobeh
Okawaru
Qazlal
Ru
Sif Muna
Trog
Uskayaw
Vehumet
Wu Jian
Xom
Yredelemnul
Zin
The Shining One
Jiyva

Shops:
D:2 :   D:4 (   D:11 [   Orc:2 *:(:   Vaults:2 *   Vaults:5 ?????*
Depths:1 :=:

Portals:
Hell: Lair:5 Depths:1 Depths:2 Depths:3 Depths:4
Abyss: Depths:2 Depths:3
Pandemonium: Depths:1 Depths:2

Annotations:
Shoals:3 4 transporters
Zot:1 2 transporters, Hyollov's ghost, legendary FoHu


Innate Abilities, Weirdness & Mutations

You have a pair of horns on your head.
You reflexively headbutt those who attack you in melee.
You are partially covered in iridescent scales. (AC +2)
You are partially covered in large bone plates. (SH +4)
You have supernaturally acute eyesight. (SInv)
Your body sometimes deteriorates upon taking damage.
Your magical capacity is low. (-10% MP)
Your muscles are strong. (Str +4, Int/Dex -1)
You are vulnerable to cold. (rC-)
You occasionally lose the ability to drink potions when taking damage.


Message History

A hell hound comes into view.
Keukia gestures at you.
The blast of poison engulfs you but does no damage.
You are more poisoned.
Your Shapeshifting skill increases to level 18!
No reachable target in view!
Unknown command.
No reachable target in view!
Unknown command.
Unknown command.
You are engulfed in poison gas.
You are more poisoned.
You feel extremely sick. Keukia gestures at you. The bolt of energy misses you.
You feel extremely sick. Keukia gestures at you.
You barely resist.
You feel very sick.
You feel very sick. Keukia gestures at you.
The blast of poison engulfs you but does no damage.
You are more poisoned.
Unknown command.
Unknown command.
You are engulfed in poison gas.
You are more poisoned.
You feel extremely sick. Keukia gestures at you.
You barely resist.
You are engulfed in poison gas.
You are more poisoned.
You feel extremely sick.
There is a staircase leading out of the dungeon here.
Unknown command.
Unknown command.
You are engulfed in poison gas.
You are more poisoned.
You feel extremely sick.
You have escaped!

#....).#.#######.#######...##.##
#......#.......................)
#.####h#########.#####.#######.#
#.# #h.○○...[.................#
#.# ###°h######..#.#########..#
#.#######h#######.#.# #..#
#.#........4X○.°#.#.# #..#
#.#...##..°##..°#.#.# #..#
#.#>..##...##°&@#.#.# #..#
#.#..........°≈≈#.#.# #..#
#.#.........≈≈≈≈#...#########..#
##.#⌠.....⌠.≈≈≈≈⌠#.....)........#
...###############..##########.##
#### ##.....## #.## #..##### #.##
#.## #.## #############.########
#####.##


You could see Keukia, a large abomination (black mark), a red devil and a hell
hound.

Vanquished Creatures
  the Royal Jelly (Slime:5)
  8 dread liches
  4 orbs of fire
  4 ancient liches (Zot:5)
  A juggernaut (Abyss:3)
  Boris (twice) (Vaults:4 Crypt:1)
  Vv (Depths:2)
  A shard shrike (Zig:12)
  2 Killer Klowns (Zot:5)
  Saint Roka (Elf:2)
  Margery (Depths:2)
  2 curse toes
  6 golden dragons
  A caustic shrike (Depths:3)
  Norris (Depths:3)
  3 bone dragons
  2 pearl dragons (Zig:8)
  A Brimstone Fiend (Depths:2)
  3 electric golems
  An Ice Fiend (Zig:12)
  An iron giant (shapeshifter) (Vaults:2)
  2 hellephants (Vaults:1)
  13 tentacled monstrosities
  11 liches
  4 titans
  Zenata (Elf:3)
  31 Orb Guardians
  2 walking frostbound tomes
  4 deep elf blademasters (Elf:3)
  3 deep elf master archers
  7 quicksilver dragons
  Polyphemus (Shoals:4)
  Frances (Shoals:2)
  3 pandemonium lords
  11 sphinxes
  3 Executioners
  7 tentacled starspawn (Abyss:3)
  10 ancient champions
  3 death cobs
  14 tengu reavers
  19 acid blobs
  Kirke (Lair:3)
  14 shadow dragons
  17 rockslimes
  Agnes (Elf:2)
  2 nagarajas
  4 draconian monks
  14 deep elf sorcerers
  7 azure jellies
  4 draconian knights
  20 storm dragons
  An emperor scorpion (shapeshifter) (Zig:13)
  4 revenants
  A daeva (Zig:8)
  4 narguns (Zig:12)
  10 fire giants
  A balrug (Depths:4)
  14 frost giants
  5 ghost moths
  24 vault wardens
  5 emperor scorpions
  An iron dragon (Depths:2)
  6 draconian scorchers
  8 deep elf elementalists
  7 curse skulls
  12 draconian annihilators
  4 angels
  26 ironbound preservers
  4 demonspawn corrupters
  4 orc warlords
  6 draconian shifters
  4 war gargoyles
  4 cacodemons
  4 draconian stormcallers
  20 very ugly things
  15 ghouls
  22 stone giants
  2 spriggan defenders (Depths:3)
  11 ironbound thunderhulks
  10 quicksilver oozes
  A broodmother (shapeshifter) (Vaults:5)
  8 broodmothers
  A reaper (Crypt:3)
  5 ophanim
  2 caustic shrike skeletons
  A juggernaut skeleton (Crypt:2)
  4 deep elf demonologists
  9 formless jellyfish
  2 apis (Zig:8)
  The ghost of Riocabaj the Blocker, a journeyman TrMo of Hepliaklqana (Depths:2)
  11 red draconians
  17 vampire knights
  14 black draconians
  A bunyip (Zig:1)
  2 pale draconians (Depths:4)
  12 dire elephants
  5 green draconians
  11 spark wasps
  14 white draconians
  5 wendigos (Zig:12)
  Azrael (Elf:2)
  12 yellow draconians
  10 purple draconians
  Snorg (Orc:1)
  7 eidola
  7 deep elf annihilators
  3 minotaurs
  A quicksilver dragon zombie (Crypt:3)
  3 blizzard demons
  9 deep elf death magi
  12 ettins
  7 green deaths
  5 merfolk impalers
  A crystal guardian (Vaults:1)
  5 merfolk javelineers
  9 fire dragons
  2 mummy priests (Crypt:3)
  12 deep elf high priests
  18 yaktaur captains
  7 rakshasas
  18 jiangshi
  An entropy weaver (Vaults:2)
  14 great orbs of eyes
  Harold (Orc:1)
  42 vault guards
  7 ice dragons
  4 catoblepae
  3 radroaches
  3 jorogumos
  22 centaur warriors
  13 hydras
  3 peacekeepers
  4 spriggan air magi
  An alligator (Zig:11)
  7 death knights
  7 ogre magi
  18 ironbound frosthearts
  A spriggan skeleton (Crypt:3)
  5 merfolk avatars
  An alligator snapping turtle (Shoals:3)
  4 merfolk aquamancers
  37 dancing weapons
  A two-headed ogre (D:8)
  An anaconda (shapeshifter) (Zig:13)
  A naga warrior (Zig:3)
  15 boulder beetles
  4 hell hogs
  7 deep troll shamans
  11 tengu warriors
  9 death yaks
  13 satyrs
  8 deep troll earth magi
  3 vampire magi
  4 orc high priests
  3 spriggan berserkers
  A naga sharpshooter (Zig:4)
  An emperor scorpion zombie (Crypt:2)
  22 large abominations
  A titan zombie (Crypt:2)
  11 thrashing horrors
  20 hell knights
  Nergalle (Lair:3)
  Urug (Orc:1)
  16 deep elf knights
  A storm dragon zombie (Crypt:3)
  7 demonic crawlers
  4 soul eaters
  4 sun demons
  8 shadow wraiths
  2 sun moths
  3 iron trolls
  7 pharaoh ants
  3 wretched stars (Abyss:3)
  A goliath frog (Zig:11)
  A cherub (Abyss:3)
  A death drake (shapeshifter) (Zig:13)
  7 sixfirhies
  A shadow demon (Depths:2)
  4 spriggan druids
  10 skysharks
  A spark wasp zombie (Crypt:2)
  15 orb spiders
  32 skeletal warriors
  4 glowing orange brains
  10 sea snakes
  A golden dragon skeleton (Depths:1)
  An anaconda zombie (Crypt:3)
  13 wizards
  3 swamp dragons
  3 bog bodies
  61 deep trolls
  11 necromancers
  7 flayed ghosts
  5 steelbarb worms
  A tengu zombie (Depths:1)
  2 steelbarb worms (shapeshifter)
  23 ironbound convokers
  A lindwurm (shapeshifter) (Vaults:5)
  19 harpies
  3 obsidian statues
  4 orange crystal statues
  26 phantasmal warriors
  18 deep elf archers
  11 orc knights
  52 ugly things
  41 deep elf pyromancers
  32 deep elf zephyrmancers
  29 starcursed masses
  10 lindwurms
  5 oklob plants
  3 will-o-the-wisps (Zig:11)
  21 wolf spiders
  8 shining eyes
  A shining eye (shapeshifter) (Vaults:5)
  19 manticores
  A wolf spider (shapeshifter) (Zig:13)
  12 fauns
  8 orc sorcerers
  2 cyclopes (shapeshifter) (Zig:13)
  A salamander (Depths:4)
  8 worldbinders
  9 cyclopes
  A fire giant zombie (Crypt:1)
  A manticore (shapeshifter) (D:14)
  21 moths of wrath
  An alligator skeleton (Crypt:2)
  A guardian serpent (shapeshifter) (Zig:13)
  9 black mambas
  A molten gargoyle (Lair:3)
  A moth of wrath (shapeshifter) (D:15)
  Maurice (Orc:1)
  6 merfolk sirens
  A guardian serpent (Zig:4)
  7 water nymphs
  2 apocalypse crabs (Abyss:3)
  A rust devil (Abyss:3)
  5 cane toads
  3 ice statues
  11 orange demons
  12 elephants
  6 eyes of devastation
  A dire elephant zombie (Crypt:2)
  A gargoyle (D:14)
  4 naga magi
  12 smoke demons
  16 vault sentinels
  Joseph (D:7)
  8 torpor snails
  3 hellions
  2 dire elephant skeletons
  An unseen horror (D:12)
  A komodo dragon (shapeshifter) (D:15)
  An alligator snapping turtle skeleton (Crypt:3)
  3 rime drakes (Lair:5)
  11 komodo dragons
  46 yaktaurs
  An anaconda simulacrum (IceCv)
  6 efreet
  5 kobold demonologists
  A red devil (Depths:2)
  A red draconian skeleton (Crypt:1)
  17 ice devils
  5 guardian mummies
  4 tengu conjurers
  An ancient zyme (Abyss:3)
  13 freezing wraiths
  A tormentor (Depths:2)
  An unseen horror skeleton (Crypt:3)
  2 hornets (shapeshifter)
  A silent spectre (Abyss:3)
  4 hellwings
  A catoblepas skeleton (Crypt:1)
  7 wind drakes
  A sea snake skeleton (Crypt:2)
  5 polar bears
  5 trolls
  3 harpy zombies
  4 tyrant leeches (Zig:11)
  A hydra skeleton (Crypt:3)
  3 hornets
  36 merfolk
  Grinder (D:5)
  4 meliai
  A wolf spider simulacrum (Gauntlet)
  A blink frog (shapeshifter) (Elf:1)
  2 tengu simulacra
  26 tarantellas
  A harpy skeleton (Crypt:3)
  5 raiju
  13 snapping turtles
  16 blink frogs
  12 dream sheep
  An ettin zombie (Crypt:2)
  26 culicivoras
  46 jumping spiders
  A jumping spider (shapeshifter) (D:15)
  3 centaur simulacra (Gauntlet)
  14 flying skulls
  A spriggan (shapeshifter) (D:15)
  6 air elementals
  A guardian serpent skeleton (Crypt:1)
  97 slime creatures
  2 shadows
  A fire dragon skeleton (Crypt:3)
  4 spriggans
  2 wyverns
  4 dire elephant simulacra (IceCv)
  7 ynoxinuls
  3 basilisks
  A hog (shapeshifter) (D:15)
  A slime creature zombie (Crypt:2)
  65 yaks
  An ushabti (Crypt:3)
  4 hogs (Lair:3)
  8 wraiths
  A vampire (D:11)
  10 fire elementals
  Eustachio (D:5)
  20 water elementals
  5 vampire mosquitoes
  6 chaos spawn
  8 golden eyes
  31 redbacks
  A death yak simulacrum (IceCv)
  5 steam dragons
  4 neqoxecs
  4 wargs
  A water nymph zombie (Crypt:2)
  A naga (shapeshifter) (Elf:1)
  4 harpy simulacra
  A naga (Zig:3)
  12 hell hounds
  7 water moccasins
  6 acid dragons
  A two-headed ogre skeleton (Crypt:2)
  2 naga skeletons (Crypt:2)
  A hydra simulacrum (Crypt:3)
  A demonspawn skeleton (Crypt:3)
  A floating eye (Depths:2)
  2 ice beasts
  A cane toad skeleton (Crypt:1)
  40 orc warriors
  An ice beast (shapeshifter) (Abyss:2)
  A swamp drake (Zig:11)
  4 black bears
  An ice dragon simulacrum (Gauntlet)
  13 centaurs
  2 boggarts (Gauntlet)
  15 wolves
  A blink frog skeleton (Crypt:3)
  9 ogres
  A phantom (D:6)
  An elephant skeleton (Crypt:2)
  20 kobold brigands
  Blork the orc (D:5)
  8 earth elementals
  5 necrophages
  2 gnoll sergeants
  11 bullfrogs
  2 cane toad simulacra (IceCv)
  A glowing shapeshifter simulacrum (Zig:12)
  5 scorpions
  A hornet simulacrum (D:15)
  A komodo dragon skeleton (Crypt:2)
  A troll zombie (Crypt:1)
  A yak zombie (Crypt:3)
  3 elephant simulacra (IceCv)
  11 killer bees
  5 howler monkeys
  4 electric eels
  4 crimson imps (D:4)
  A jelly (shapeshifter) (Vaults:2)
  3 quasits
  3 hounds
  13 small abominations
  Crazy Yiuf (D:3)
  A gnoll bouda (D:9)
  22 orc priests
  2 human skeletons (Crypt:1)
  3 human zombies (Crypt:1)
  3 jellies
  3 sleepcaps
  2 iguanas
  Ijyb (D:3)
  37 orc wizards
  7 polar bear simulacra (IceCv)
  2 spriggan simulacra (IceCv)
  7 wolf simulacra (IceCv)
  12 mummies
  A howler monkey zombie (Crypt:2)
  15 gnolls
  8 adders
  2 naga simulacra (IceCv)
  5 shadow imps
  18 white imps
  8 ufetubi
  3 worms
  5 dart slugs
  94 orcs
  A bat zombie (Crypt:3)
  7 endoplasms
  A giant cockroach (D:4)
  2 gnoll zombies (Ossuary)
  9 goblins
  8 hobgoblins
  3 jackals (D:2)
  A quokka (D:4)
  8 ball pythons
  4 bats
  3 frilled lizards
  2 hobgoblin zombies (Ossuary)
  60 kobolds
  2 kobold zombies (Ossuary)
  2 orc zombies (Ossuary)
  3 rats
  A river rat skeleton (Crypt:1)
  A lurking horror (Abyss:3)
  12 starspawn tentacles (Abyss:3)
3185 creatures vanquished.

Vanquished Creatures (others)
  A draconian monk (Abyss:3)
  A rakshasa (Depths:3)
  An ice dragon (Depths:1)
  A merfolk aquamancer (Zig:7)
  A death yak (Shoals:4)
  A demonic crawler (Spider:4)
  A shadow wraith (Crypt:3)
  A sun moth (Spider:4)
  A cherub (Abyss:3)
  A wizard (Vaults:3)
  A tarantella (Spider:2)
  A redback (Spider:3)
  A warg (shapeshifter) (Elf:3)
  An earth elemental (Elf:3)
  An orc (D:8)
  13 foxfires
  A lurking horror (Abyss:3)
  4 starspawn tentacles (Abyss:3)
33 creatures vanquished.

Grand Total: 3218 creatures vanquished

Notes
Turn   | Place    | Note
-------+----------+-------------------------------------------
     0 | D:1      | Izden the Minotaur Fighter began the quest for the Orb.
     0 | D:1      | Reached XP level 1. HP: 19/19 MP: 0/0
   230 | D:1      | Reached XP level 2. HP: 27/27 MP: 1/1
   610 | D:1      | Reached skill level 1 in Dodging
   869 | D:2      | Reached XP level 3. HP: 27/33 MP: 2/2
  1076 | D:2      | Found Poihid's Book Shoppe.
  1242 | D:2      | Gained mutation: You are strong-willed. (Will+) [potion of
                  | mutation]
  1242 | D:2      | Gained mutation: You are agile. (Dex +4, Str/Int -1)
                  | [potion of mutation]
  1267 | D:2      | Lost mutation: You are strong-willed. (Will+) [potion of
                  | mutation]
  1267 | D:2      | Lost mutation: You are agile. (Dex +4, Str/Int -1) [potion
                  | of mutation]
  1267 | D:2      | Gained mutation: You occasionally lose the ability to read
                  | scrolls when taking damage. [potion of mutation]
  1267 | D:2      | Gained mutation: You have a pair of large horns on your
                  | head. [potion of mutation]
  1356 | D:3      | Reached XP level 4. HP: 22/40 MP: 3/3
  1683 | D:3      | Reached XP level 5. HP: 10/47 MP: 4/4
  1868 | D:3      | Noticed Ijyb
  1880 | D:3      | Killed Ijyb
  2303 | D:3      | Found a runed translucent door.
  2304 | D:3      | Noticed Crazy Yiuf
  2309 | D:3      | Killed Crazy Yiuf
  2444 | D:4      | Noticed an orc warrior
  2454 | D:4      | Killed an orc warrior
  2455 | D:4      | Reached skill level 5 in Fighting
  2455 | D:4      | Reached skill level 5 in Armour
  2455 | D:4      | Reached skill level 5 in Shields
  2455 | D:4      | Reached XP level 6. HP: 36/56 MP: 5/5
  2527 | D:4      | Found a stormy altar of Qazlal.
  2527 | D:4      | Found a burning altar of Makhleb.
  2527 | D:4      | Found a hazy altar of Hepliaklqana.
  2529 | D:4      | Found a hide-covered altar of Uskayaw.
  2530 | D:4      | Found a shadowy altar of Dithmenos.
  2530 | D:4      | Found a sparkling altar of Nemelex Xobeh.
  2530 | D:4      | Found an ancient bone altar of Kikubaaqudgha.
  2929 | D:4      | Found Sisekki's Weapon Boutique.
  3258 | D:4      | Found a shimmering altar of Xom.
  3290 | D:4      | Reached XP level 7. HP: 61/61 MP: 6/6
  3518 | D:5      | Entered Level 5 of the Dungeon
  3529 | D:5      | Noticed Grinder
  3539 | D:5      | Paralysed by Grinder for 4 turns
  3553 | D:5      | Killed Grinder
  3554 | D:5      | Reached skill level 5 in Axes
  3711 | D:5      | Noticed Eustachio
  3721 | D:5      | Killed Eustachio
  3722 | D:5      | Reached XP level 8. HP: 55/70 MP: 7/7
  3865 | D:5      | Noticed Blork the orc
  3872 | D:5      | Killed Blork the orc
  3909 | D:5      | Lost mutation: You have a pair of large horns on your head.
                  | [potion of mutation]
  3909 | D:5      | Lost mutation: You occasionally lose the ability to read
                  | scrolls when taking damage. [potion of mutation]
  3909 | D:5      | Gained mutation: You are robust. (+10% HP) [potion of
                  | mutation]
  3909 | D:5      | Gained mutation: You occasionally shout uncontrollably at
                  | your foes. [potion of mutation]
  4082 | D:5      | Found a staircase to the Ecumenical Temple.
  4088 | Temple   | Entered the Ecumenical Temple
  4114 | Temple   | Became a worshipper of Warmaster Okawaru
  4229 | D:5      | Found a snail-covered altar of Cheibriados.
  4690 | D:6      | Reached skill level 5 in Dodging
  4985 | D:6      | Reached * piety under Okawaru
  5197 | D:6      | Reached XP level 9. HP: 86/86 MP: 8/8
  5410 | D:7      | Noticed Joseph
  5858 | D:7      | Killed Joseph
  6190 | D:7      | Reached ** piety under Okawaru
  6435 | D:7      | Found an opulent altar of Gozag.
  6631 | D:8      | Reached XP level 10. HP: 68/99 MP: 9/9
  6674 | D:8      | Identified the +1 scimitar of the Gnat {vamp, Contam rN+
                  | Dex+3}
  6721 | D:8      | Found a flagged portal.
  6731 | Bailey   | Entered a bailey
  6766 | Bailey   | Reached *** piety under Okawaru
  6903 | Bailey   | Got the Quarto of Nival Guile
  6931 | Bailey   | Found a burning altar of Makhleb.
  6982 | D:8      | Found a sand-covered staircase.
  6991 | Ossuary  | Entered an ossuary
  7199 | D:8      | Noticed a cyclops
  7227 | D:8      | Killed a cyclops
  7959 | D:8      | Noticed a two-headed ogre
  7966 | D:8      | Killed a two-headed ogre
  7966 | D:8      | Reached **** piety under Okawaru
  8554 | D:9      | Identified the +1 short sword "Killer Bee's Peril" {heavy,
                  | rN+ Will+ Dex+2 Stlth+}
  8966 | D:10     | Entered Level 10 of the Dungeon
  9037 | D:10     | Reached skill level 10 in Fighting
  9037 | D:10     | Reached XP level 11. HP: 71/108 MP: 10/10
  9154 | D:10     | Found a staircase to the Orcish Mines.
  9196 | D:10     | Reached skill level 10 in Shields
  9198 | D:10     | Reached ***** piety under Okawaru
  9216 | D:10     | Reached skill level 10 in Armour
  9331 | D:10     | Found a staircase to the Lair.
  9756 | D:11     | Received a gift from Okawaru
  9760 | D:11     | Reached skill level 10 in Axes
 10228 | D:11     | Found Hyxzo's Antique Armour Emporium.
 10233 | D:11     | Bought a faintly humming chain mail for 285 gold pieces
 10233 | D:11     | Identified the +0 chain mail of Ronall {rC+ Str+3 Stlth+}
                  | (You bought it in a shop on level 11 of the Dungeon)
 10315 | D:11     | Found a broken altar of Ashenzari.
 11108 | D:12     | Noticed a deep elf pyromancer
 11117 | D:12     | Killed a deep elf pyromancer
 11188 | D:12     | Noticed a boulder beetle
 11195 | D:12     | Killed a boulder beetle
 11195 | D:12     | Received a gift from Okawaru
 11261 | D:12     | Reached XP level 12. HP: 102/121 MP: 11/11
 11990 | D:11     | Bought a faintly humming plate armour for 840 gold pieces
 11990 | D:11     | Identified the +0 plate armour of Xeogeamu {+Blink Str+4}
                  | (You bought it in a shop on level 11 of the Dungeon)
 12150 | D:13     | Noticed a catoblepas
 12206 | D:13     | Noticed a tengu warrior
 12213 | D:13     | Found a gate leading to a gauntlet.
 12224 | Gauntlet | Entered a Gauntlet
 12224 | Gauntlet | Found a transporter.
 12224 | Gauntlet | Found a runed translucent gate.
 12224 | Gauntlet | Found a transporter.
 12224 | Gauntlet | Found a runed translucent gate.
 12226 | Gauntlet | Noticed a catoblepas
 12442 | Gauntlet | Noticed a tengu warrior
 12445 | Gauntlet | Found a transporter.
 12465 | Gauntlet | Found a transporter.
 12475 | Gauntlet | Found a transporter.
 12475 | Gauntlet | Found a transporter.
 12475 | Gauntlet | Found a transporter.
 12477 | Gauntlet | Found a transporter.
 12477 | Gauntlet | Found a transporter.
 12496 | Gauntlet | Found a transporter.
 12507 | Gauntlet | Found a transporter.
 12515 | Gauntlet | Found a runed translucent door.
 12517 | Gauntlet | Found a transporter.
 12519 | Gauntlet | Found a runed translucent door.
 12531 | Gauntlet | Found a transporter.
 12552 | Gauntlet | Found a transporter.
 12554 | Gauntlet | Found a runed translucent gate.
 12593 | Gauntlet | Identified the ring of Diegas {rElec rF+ EV+5 Stlth+}
 12627 | Gauntlet | Noticed a white very ugly thing
 12627 | Gauntlet | Noticed an ironbound thunderhulk
 12628 | Gauntlet | Noticed an ironbound thunderhulk
 12731 | Gauntlet | Reached skill level 10 in Dodging
 12742 | Gauntlet | Identified the +1 pair of boots "Tuch" {rF- Slay+5}
 12759 | Gauntlet | Identified the +9 sling of Izden's Woe {speed, rF+ Str+3
                  | Int-5 Dex+3}
 12759 | Gauntlet | Noticed a minotaur
 12781 | Gauntlet | Killed a minotaur
 12929 | D:13     | Killed a tengu warrior
 12929 | D:13     | Received a gift from Okawaru
 13003 | D:13     | Noticed a boulder beetle
 13007 | D:13     | Noticed a boulder beetle
 13012 | D:13     | Noticed an ice dragon
 13017 | D:13     | Killed a boulder beetle
 13017 | D:13     | Killed an ice dragon
 13018 | D:13     | Killed a boulder beetle
 13028 | D:13     | Noticed a storm dragon
 13033 | D:13     | Killed a storm dragon
 13046 | D:13     | Noticed a boulder beetle
 13055 | D:13     | Killed a boulder beetle
 13278 | D:13     | Identified the +1 chain mail of Impressiveness {Str+4}
                  | (Okawaru gifted it to you on level 13 of the Dungeon)
 13278 | D:13     | Received a gift from Okawaru
 13279 | D:13     | Reached XP level 13. HP: 68/130 MP: 9/12
 13587 | D:13     | Identified a scroll of acquirement
 13587 | D:13     | Acquired a +2 broad axe of electrocution
 14673 | D:14     | Noticed an ironbound preserver
 14685 | D:14     | Killed an ironbound preserver
 14693 | D:14     | Found a gate to the Vaults.
 14702 | D:14     | Identified the +6 pearl dragon scales "Xiallugu" {rN+ SInv}
                  | (Okawaru gifted it to you on level 14 of the Dungeon)
 14702 | D:14     | Received a gift from Okawaru
 14702 | D:14     | Reached ****** piety under Okawaru
 15116 | D:14     | Reached XP level 14. HP: 77/143 MP: 13/13
 15691 | Abyss:2  | Cast into level 2 of the Abyss (a wizard)
 15795 | D:14     | Escaped the Abyss
 15964 | Lair:1   | Entered Level 1 of the Lair of Beasts
 15968 | Lair:1   | Identified the +7 broad axe "Juhew" {drain, rElec Str-2
                  | Int-5 SInv} (Okawaru gifted it to you on level 1 of the
                  | Lair of Beasts)
 15968 | Lair:1   | Received a gift from Okawaru
 17368 | Lair:2   | Received a gift from Okawaru
 18106 | Lair:3   | Found a hole to the Spider Nest.
 18269 | Lair:3   | Noticed Kirke
 18683 | Lair:3   | Killed Kirke
 19021 | Lair:3   | Found a staircase to the Shoals.
 19122 | Lair:3   | Noticed Nergalle
 19135 | Lair:3   | Killed Nergalle
 20000 | Lair:4   | Found a viscous altar of Jiyva.
 20000 | Lair:4   | Found a staircase to the Slime Pits.
 20013 | Lair:4   | Reached XP level 15. HP: 101/152 MP: 11/14
 20014 | Lair:4   | Reached skill level 15 in Fighting
 20014 | Lair:4   | Reached skill level 15 in Armour
 20014 | Lair:4   | Reached skill level 15 in Shields
 20014 | Lair:4   | Reached XP level 16. HP: 109/163 MP: 11/15
 20573 | Lair:5   | Entered Level 5 of the Lair of Beasts
 20582 | Lair:5   | Reached skill level 15 in Axes
 20647 | Lair:5   | Found a glowing golden altar of the Shining One.
 20664 | Lair:5   | Received a gift from Okawaru
 20764 | Lair:5   | Acquired 795 gold pieces
 21094 | Lair:5   | Identified the +7 war axe of Mens Rea {venom, *Rage rElec
                  | SInv Stlth+}
 21225 | Lair:5   | Found a burning altar of Makhleb.
 21257 | Lair:5   | Found a gateway to Hell.
 21967 | Orc:1    | Entered Level 1 of the Orcish Mines
 21968 | Orc:1    | Noticed Maurice
 21973 | Orc:1    | Killed Maurice
 21973 | Orc:1    | Identified the +0 cloak of Neinn {Rampage rPois Str-4}
                  | (Okawaru gifted it to you on level 1 of the Orcish Mines)
 21973 | Orc:1    | Received a gift from Okawaru
 22070 | Orc:1    | Noticed Urug
 22088 | Orc:1    | Killed Urug
 22089 | Orc:1    | Found a frozen archway.
 22101 | IceCv    | Entered an ice cave
 22521 | IceCv    | Found an ancient bone altar of Kikubaaqudgha.
 22749 | IceCv    | Got the Papyrus of the Twisted Crevasse
 22974 | Orc:1    | Noticed Harold
 22980 | Orc:1    | Killed Harold
 23169 | Orc:2    | Entered Level 2 of the Orcish Mines
 23296 | Orc:1    | Noticed Snorg
 23308 | Orc:1    | Killed Snorg
 23564 | Orc:2    | Found Dukhaene's Antique Weapon Boutique.
 23564 | Orc:2    | Found Igyl's General Store.
 23564 | Orc:2    | Found Ziwyecua's Book Shop.
 23573 | Orc:2    | Found Rysideig's Book Boutique.
 23579 | Orc:2    | Bought a potion of might for 68 gold pieces
 23579 | Orc:2    | Bought a scroll of immolation for 68 gold pieces
 23724 | Orc:2    | Found a staircase to the Elven Halls.
 24095 | D:15     | Entered Level 15 of the Dungeon
 24367 | D:15     | Reached XP level 17. HP: 170/174 MP: 16/16
 24501 | D:15     | Found a staircase to the Depths.
 24569 | D:15     | Found a white marble altar of Elyvilon.
 24570 | D:15     | Found a shimmering altar of Xom.
 24571 | D:15     | Found a burning altar of Makhleb.
 24624 | D:15     | Received a gift from Okawaru
 24756 | D:15     | Reached skill level 15 in Dodging
 25261 | D:15     | Identified the +2 buckler of the Stone Wall {Str+3 Int+2
                  | Dex+2 Slay+3} (Okawaru gifted it to you on level 15 of the
                  | Dungeon)
 25261 | D:15     | Received a gift from Okawaru
 25645 | D:15     | Identified the +0 robe of the Iron Devil {rC- Will+ Str+6}
 25731 | D:15     | Identified the amulet "Raets" {Reflect +Blink rF- Will++
                  | Dex+2 SH+5}
 26110 | Spider:1 | Entered Level 1 of the Spider Nest
 27118 | Spider:2 | Reached XP level 18. HP: 165/187 MP: 17/17
 27124 | Spider:2 | Identified the +2 pair of boots of Vokhoep {rElec rC+
                  | Regen+} (Okawaru gifted it to you on level 2 of the Spider
                  | Nest)
 27124 | Spider:2 | Received a gift from Okawaru
 28839 | Spider:4 | Entered Level 4 of the Spider Nest
 29146 | Spider:4 | Identified the +1 ring mail "Plog" {rPois} (Okawaru gifted
                  | it to you on level 4 of the Spider Nest)
 29146 | Spider:4 | Received a gift from Okawaru
 30293 | Spider:4 | Got a gossamer rune of Zot
 30566 | Shoals:1 | Entered Level 1 of the Shoals
 31652 | Shoals:2 | Reached XP level 19. HP: 199/199 MP: 18/18
 31898 | Shoals:2 | Received a gift from Okawaru
 32199 | Shoals:2 | Noticed Frances
 32383 | Shoals:2 | Killed Frances
 32442 | Shoals:3 | Found a transporter.
 32463 | Shoals:3 | Found a transporter.
 32708 | Shoals:3 | Found a transporter.
 32727 | Shoals:3 | Found a transporter.
 32863 | Shoals:3 | Found a transporter.
 32864 | Shoals:3 | Found a transporter.
 32892 | Shoals:3 | Received a gift from Okawaru
 33203 | Shoals:4 | Entered Level 4 of the Shoals
 33544 | Shoals:4 | Received a gift from Okawaru
 33577 | Shoals:4 | Found the +1 cloak of Starlight {*Dazzle EV+4 Stlth--}
 33582 | Shoals:4 | Noticed Polyphemus
 34388 | Shoals:4 | Killed Polyphemus
 34396 | Shoals:4 | Got a barnacled rune of Zot
 34523 | Shoals:4 | Identified the +16 plate armour "Efuesid" {rN++ Int-5}
                  | (Okawaru gifted it to you on level 4 of the Shoals)
 34523 | Shoals:4 | Received a gift from Okawaru
 34900 | Vaults:1 | Entered Level 1 of the Vaults
 35116 | Vaults:1 | Found a huge runed gate.
 35116 | Vaults:1 | Found a huge runed gate.
 35116 | Vaults:1 | Found a huge runed gate.
 35116 | Vaults:1 | Found a huge runed gate.
 35116 | Vaults:1 | Found a huge runed gate.
 35116 | Vaults:1 | Found a huge runed gate.
 35117 | Vaults:1 | Found a huge runed gate.
 35117 | Vaults:1 | Found a huge runed gate.
 35117 | Vaults:1 | Found a huge runed gate.
 35117 | Vaults:1 | Found a huge runed gate.
 35120 | Vaults:1 | Found a huge runed gate.
 35120 | Vaults:1 | Found a huge runed gate.
 35120 | Vaults:1 | Found a huge runed gate.
 35120 | Vaults:1 | Found a huge runed gate.
 35120 | Vaults:1 | Found a huge runed gate.
 35120 | Vaults:1 | Found a huge runed gate.
 35121 | Vaults:1 | Found a huge runed gate.
 35122 | Vaults:1 | Found a huge runed gate.
 35124 | Vaults:1 | Found a huge runed gate.
 35140 | Vaults:1 | Noticed a hellephant
 35140 | Vaults:1 | Noticed a hellephant
 35148 | Vaults:1 | Reached XP level 20. HP: 206/212 MP: 17/19
 35776 | Vaults:1 | Received a gift from Okawaru
 35856 | Vaults:1 | HP: 10/212 [crystal guardian/crystal bolt[a peacekeeper]
                  | (32)]
 36926 | Vaults:2 | Found Owed's Assorted Antiques.
 37073 | Vaults:2 | Found a transporter.
 37073 | Vaults:2 | Found a transporter.
 37116 | Vaults:2 | Received a gift from Okawaru
 38122 | Vaults:2 | a shadow dragon changed into a golden dragon
 38122 | Vaults:2 | Noticed a golden dragon (glowing shapeshifter)
 38125 | Vaults:2 | Identified the +1 hat of Spite {rCorr} (Okawaru gifted it
                  | to you on level 2 of the Vaults)
 38125 | Vaults:2 | Received a gift from Okawaru
 38126 | Vaults:2 | a golden dragon changed into an iron giant
 38139 | Vaults:2 | Reached XP level 21. HP: 91/222 MP: 17/20
 38474 | Vaults:2 | Identified the ring of Coliann {rPois Str+6}
 39035 | Vaults:3 | Paralysed by a formless jellyfish for 1 turns
 39403 | Vaults:3 | Received a gift from Okawaru
 39655 | Vaults:3 | Found a staircase to the Crypt.
 39716 | Vaults:3 | Identified the +4 quarterstaff "Lumier" {flame, rElec rPois
                  | Will- rCorr} (Okawaru gifted it to you on level 3 of the
                  | Vaults)
 39716 | Vaults:3 | Received a gift from Okawaru
 40130 | Vaults:3 | Paralysed by a great orb of eyes for 5 turns
 40540 | Vaults:4 | Noticed Boris
 40555 | Abyss:2  | Cast into level 2 of the Abyss (a wizard)
 40735 | Abyss:2  | Received a gift from Okawaru
 40773 | Vaults:4 | Escaped the Abyss
 40786 | Vaults:4 | Killed Boris
 40861 | Vaults:4 | Found a magical portal.
 40866 | WizLab   | Entered Alistair's Party Mansion
 41211 | WizLab   | Reached XP level 22. HP: 84/235 MP: 18/21
 41248 | WizLab   | Gained mutation: Your body sometimes deteriorates upon
                  | taking damage. [a cacodemon]
 41562 | WizLab   | Acquired a +4 ring of slaying
 41700 | WizLab   | Got the Handbook of the Evolving Bane
 41848 | Vaults:4 | Received a gift from Okawaru
 42936 | Vaults:4 | Found a runed translucent door.
 43215 | Vaults:4 | Received a gift from Okawaru
 43407 | Vaults:5 | Entered Level 5 of the Vaults
 43627 | Vaults:5 | Found Foh Sikaty's Distillery.
 43627 | Vaults:5 | Found Faotwe's Magic Scroll Shoppe.
 43637 | Vaults:5 | Bought 2 potions of curing for 114 gold pieces
 43637 | Vaults:5 | Bought a potion of curing for 57 gold pieces
 43637 | Vaults:5 | Bought a potion of enlightenment for 95 gold pieces
 43637 | Vaults:5 | Bought 2 potions of heal wounds for 190 gold pieces
 43637 | Vaults:5 | Bought a potion of haste for 190 gold pieces
 43637 | Vaults:5 | Bought 2 potions of resistance for 380 gold pieces
 43637 | Vaults:5 | Bought a potion of magic for 152 gold pieces
 43637 | Vaults:5 | Bought a potion of might for 76 gold pieces
 43637 | Vaults:5 | Bought a potion of mutation for 152 gold pieces
 43637 | Vaults:5 | Bought a potion of curing for 57 gold pieces
 43644 | Vaults:5 | Bought a scroll of enchant weapon for 150 gold pieces
 43644 | Vaults:5 | Bought a scroll of teleportation for 60 gold pieces
 43655 | Vaults:5 | Noticed a dread lich
 43671 | Vaults:5 | Noticed a dread lich
 43672 | Vaults:5 | Killed a dread lich
 43677 | Vaults:5 | Received a gift from Okawaru
 43687 | Vaults:5 | Paralysed by a dread lich for 2 turns
 43693 | Vaults:5 | Killed a dread lich
 43696 | Vaults:5 | Found Roefudgho's Magic Scroll Shoppe.
 43728 | Vaults:5 | Bought a scroll of fear for 76 gold pieces
 43980 | Vaults:5 | Found Tapohu's Magic Scroll Shop.
 43992 | Vaults:5 | Bought a scroll of teleportation for 33 gold pieces
 43992 | Vaults:5 | Bought a scroll of fog for 44 gold pieces
 43992 | Vaults:5 | Bought a scroll of blinking for 82 gold pieces
 43992 | Vaults:5 | Bought a scroll of teleportation for 33 gold pieces
 44004 | Vaults:5 | Found Keveqyrr's Magic Scroll Boutique.
 44009 | Vaults:5 | Bought a scroll of blinking for 120 gold pieces
 44009 | Vaults:5 | Bought a scroll of immolation for 64 gold pieces
 44009 | Vaults:5 | Bought a scroll of revelation for 120 gold pieces
 44009 | Vaults:5 | Bought a scroll of immolation for 64 gold pieces
 44016 | Vaults:5 | Got a silver rune of Zot
 44026 | Vaults:5 | Found Wiostrioxt's Magic Scroll Boutique.
 44032 | Vaults:5 | Bought a scroll of fog for 76 gold pieces
 44032 | Vaults:5 | Bought a scroll of teleportation for 57 gold pieces
 44032 | Vaults:5 | Bought a scroll of enchant weapon for 142 gold pieces
 44032 | Vaults:5 | Bought a scroll of fear for 76 gold pieces
 44318 | Vaults:5 | Identified the amulet "Ricox" {Faith Harm Drain rElec
                  | Will+}
 44335 | Vaults:5 | Identified the staff of the Shore {rElec rPois rC- rN++
                  | Dex+2 Poison}
 44462 | Vaults:5 | Noticed a dread lich
 44465 | Vaults:5 | Paralysed by a dread lich for 5 turns
 44479 | Vaults:5 | Paralysed by a dread lich for 4 turns
 44485 | Vaults:5 | Reached XP level 23. HP: 129/242 MP: 22/22
 44486 | Vaults:5 | Killed a dread lich
 44930 | Vaults:5 | Received a gift from Okawaru
 45531 | Vaults:5 | Got the Compendium of Virous Blows
 45614 | Vaults:5 | Lost mutation: You are robust. (+10% HP) [potion of
                  | mutation]
 45614 | Vaults:5 | Lost mutation: Your body sometimes deteriorates upon taking
                  | damage. [potion of mutation]
 45614 | Vaults:5 | Gained mutation: Your muscles are strong. (Str +4, Int/Dex
                  | -1) [potion of mutation]
 45614 | Vaults:5 | Gained mutation: You do not regenerate when monsters are
                  | visible. [potion of mutation]
 45614 | Vaults:5 | Gained mutation: You have large cloven feet. [potion of
                  | mutation]
 45614 | Vaults:5 | Gained mutation: You are partially covered in iridescent
                  | scales. (AC +2) [potion of mutation]
 45615 | Vaults:5 | Lost mutation: Your muscles are strong. (Str +4, Int/Dex
                  | -1) [potion of mutation]
 45615 | Vaults:5 | Lost mutation: You occasionally shout uncontrollably at
                  | your foes. [potion of mutation]
 45615 | Vaults:5 | Gained mutation: You have hidden genetic potential. [potion
                  | of mutation]
 45615 | Vaults:5 | Gained mutation: You have supernaturally acute eyesight.
                  | (SInv) [potion of mutation]
 45615 | Vaults:5 | Gained mutation: You occasionally lose the ability to read
                  | scrolls when taking damage. [potion of mutation]
 45616 | Vaults:5 | Lost mutation: You have hidden genetic potential. [potion
                  | of mutation]
 45616 | Vaults:5 | Lost mutation: You do not regenerate when monsters are
                  | visible. [potion of mutation]
 45616 | Vaults:5 | Lost mutation: You occasionally lose the ability to read
                  | scrolls when taking damage. [potion of mutation]
 45616 | Vaults:5 | Gained mutation: You are covered in fur. (AC +1) [potion of
                  | mutation]
 45616 | Vaults:5 | Gained mutation: You passively map a small area around you.
                  | [potion of mutation]
 45699 | Vaults:5 | Paralysed by a sphinx for 4 turns
 45903 | Vaults:5 | Found Getorex's Assorted Antiques.
 45913 | Vaults:5 | Bought a scroll of teleportation for 132 gold pieces
 45913 | Vaults:5 | Bought a scroll of fog for 176 gold pieces
 45913 | Vaults:5 | Bought a potion of curing for 132 gold pieces
 45944 | Vaults:5 | Identified the staff of Darkness {rC+ rCorr Int+3 Stlth+
                  | Ice}
 46385 | Elf:1    | Entered Level 1 of the Elven Halls
 46418 | Elf:1    | Received a gift from Okawaru
 47001 | Elf:1    | Identified the +1 robe of Space {rC+ Str+4 Int-3}
 47651 | Elf:2    | Paralysed by an air elemental for 1 turns
 47781 | Elf:2    | Noticed Saint Roka
 47796 | Elf:2    | Killed Saint Roka
 48164 | Elf:2    | Found a runed translucent gate.
 48164 | Elf:2    | Found a runed translucent gate.
 48164 | Elf:2    | Found a runed translucent gate.
 48197 | Elf:2    | Noticed Agnes
 48201 | Elf:2    | Killed Agnes
 48255 | Elf:2    | Noticed Azrael
 48260 | Elf:2    | Received a gift from Okawaru
 48271 | Elf:2    | Killed Azrael
 48620 | Elf:3    | Entered Level 3 of the Elven Halls
 49056 | Elf:3    | Reached XP level 24. HP: 165/236 MP: 22/22
 49060 | Abyss:3  | Cast into level 3 of the Abyss (a deep elf sorcerer)
 49151 | Abyss:3  | Identified the +4 crystal plate armour "Elukuc" {Drain
                  | Int+10 Slay+2 Stlth-} (Okawaru gifted it to you on level 3
                  | of the Abyss)
 49151 | Abyss:3  | Received a gift from Okawaru
 49310 | Abyss:3  | Gained mutation: Your body sometimes deteriorates upon
                  | taking damage. [a neqoxec]
 49341 | Abyss:3  | Paralysed by accursed screaming for 1 turns
 49383 | Elf:3    | Escaped the Abyss
 49672 | Elf:3    | Identified the +7 dagger of the Rat {heavy, *Rage rPois
                  | rN+}
 49859 | Elf:3    | Identified the +2 lajatang of Feral Guile {drain, Str+2
                  | Int+3 Dex-2}
 50061 | Abyss:3  | Found a corrupted altar of Lugonu.
 50061 | Abyss:3  | Cast into level 3 of the Abyss (a deep elf sorcerer)
 50554 | Elf:3    | Escaped the Abyss
 50628 | Abyss:3  | Cast into level 3 of the Abyss (a deep elf demonologist)
 50660 | Abyss:3  | Found a corrupted altar of Lugonu.
 50671 | Abyss:3  | Found a corrupted altar of Lugonu.
 50671 | Abyss:3  | Found a corrupted altar of Lugonu.
 50799 | Abyss:3  | Received a gift from Okawaru
 50811 | Abyss:3  | Found a corrupted altar of Lugonu.
 50884 | Abyss:3  | Found a corrupted altar of Lugonu.
 51030 | Elf:3    | Escaped the Abyss
 51036 | Elf:3    | Identified the quicksilver dragon scales "Uvvemi" {Will+
                  | Int+6}
 51065 | Elf:3    | Identified the +0 hat of the Sky {+Blink Str+3 Dex+3
                  | Slay-4}
 51103 | Elf:3    | Identified the +1 hand axe of Infinity {flame, Int+3 Dex+2}
 51103 | Elf:3    | Found the +8 demon blade "Leech" {evervamp, Harm Drain rN+}
 51109 | Elf:3    | Identified the +9 spear of Qazlal's Hatred {drain, rC+
                  | Str+2}
 51112 | Elf:3    | Identified the ring of Eternal Night {rN++ Str+6 Int+2}
 51129 | Elf:3    | Noticed Zenata
 51131 | Elf:3    | Identified the +5 rapier of Puutagroaq {chaos, rCorr}
 51141 | Elf:3    | Killed Zenata
 51147 | Elf:3    | Identified the amulet "Emegicefewk" {RegenMP rElec}
 51152 | Elf:3    | Identified the ring of the Crafting Scavenger {Ice Dex+3}
 51649 | Crypt:1  | Entered Level 1 of the Crypt
 51820 | Crypt:1  | Found an ancient bone altar of Kikubaaqudgha.
 52206 | Crypt:1  | Noticed Boris
 52217 | Crypt:1  | Killed Boris
 53094 | Crypt:2  | Reached XP level 25. HP: 178/247 MP: 21/22
 53101 | Crypt:2  | Received a gift from Okawaru
 53840 | Crypt:3  | Entered Level 3 of the Crypt
 54522 | Crypt:3  | Found a staircase to the Tomb.
 55395 | Crypt:3  | Found an ancient bone altar of Kikubaaqudgha.
 55399 | Crypt:3  | Found a basalt altar of Yredelemnul.
 55825 | Depths:1 | Entered Level 1 of the Depths
 55932 | Depths:1 | Found a glowing silver altar of Zin.
 56013 | Depths:1 | Identified the +5 scale mail "Ytzosuc" {rPois Str+3}
                  | (Okawaru gifted it to you on level 1 of the Depths)
 56013 | Depths:1 | Received a gift from Okawaru
 56413 | Depths:1 | Reached skill level 27 in Axes
 56824 | Depths:1 | Found Doavu's Book Shop.
 56824 | Depths:1 | Found Zomoucvi's Jewellery Emporium.
 56830 | Depths:1 | Found Qunak's Book Shop.
 56841 | Depths:1 | Bought a book of Scorching for 540 gold pieces
 57080 | Depths:1 | Found a one-way gate leading to the halls of Pandemonium.
 57082 | Depths:1 | Identified the +0 leather armour of the Gloaming {+Inv}
 57313 | Depths:2 | Found a runed translucent gate.
 57313 | Depths:2 | Found a runed translucent gate.
 57313 | Depths:2 | Found a runed translucent gate.
 57316 | Depths:2 | Noticed Riocabaj's ghost (journeyman TrMo)
 57337 | Depths:2 | Killed Riocabaj's ghost
 57643 | Depths:2 | Identified the +0 robe of Mest {rElec rC++ Int+3}
 57725 | Depths:2 | Found a one-way gate to the infinite horrors of the Abyss.
 57992 | Depths:2 | Paralysed by a floating eye for 2 turns
 57999 | Depths:2 | Paralysed by a floating eye for 2 turns
 58329 | Depths:2 | Noticed Vv
 58345 | Depths:2 | Killed Vv
 58500 | Depths:2 | Noticed Margery
 58519 | Depths:2 | Killed Margery
 58904 | Depths:2 | Paralysed by a sphinx for 4 turns
 58911 | Depths:2 | Reached XP level 26. HP: 201/259 MP: 22/22
 59241 | Depths:3 | Noticed Norris
 59253 | Depths:3 | Killed Norris
 59385 | Depths:3 | Received a gift from Okawaru
 60061 | Depths:3 | Identified the ring "Oshroiho" {Fly Will+ Int+4 Dex-4}
 60443 | Depths:4 | Entered Level 4 of the Depths
 60500 | Depths:4 | Received a gift from Okawaru
 60631 | Depths:4 | Found a one-way gateway to a ziggurat.
 60659 | Depths:4 | Found a sacrificial altar of Ru.
 61328 | Depths:4 | Received a gift from Okawaru
 61704 | Depths:4 | Found a gate to the Realm of Zot.
 62038 | Depths:4 | Upgraded the game from 0.31-a0-620-gd1cbd99268 to
                  | 0.31-a0-625-gc9c7e45f3f
 62432 | Slime:1  | Entered Level 1 of the Pits of Slime
 62817 | Slime:3  | Gained mutation: Your magical capacity is low. (-10% MP) [a
                  | shining eye]
 62818 | Slime:3  | Gained mutation: Your spells are a little easier to cast,
                  | but a little less powerful. [a shining eye]
 62820 | Slime:3  | Gained mutation: You sometimes lose your temper in combat.
                  | [a shining eye]
 62848 | Slime:4  | Gained mutation: You are weak. (Str -2) [a shining eye]
 62854 | Slime:4  | Gained mutation: Armour fits poorly on your strangely
                  | shaped body. [a shining eye]
 62881 | Slime:5  | Entered Level 5 of the Pits of Slime
 63293 | Slime:5  | Reached XP level 27. HP: 271/271 MP: 19/19
 63413 | Slime:5  | Received a gift from Okawaru
 63473 | Slime:5  | Noticed the Royal Jelly
 63496 | Slime:5  | Killed the Royal Jelly
 63843 | Slime:5  | Got the Elucidation of Fever
 63869 | Slime:5  | Identified the +8 short sword of Sefos {antimagic, +Blink
                  | Str+3}
 63923 | Slime:5  | Identified the amulet "Toolol" {Acrobat rCorr Int+4}
 63936 | Slime:5  | Identified the staff of Annoyance {rElec rC+ rN+ Stlth-
                  | Ice}
 63956 | Slime:5  | Got a slimy rune of Zot
 63967 | Slime:5  | Identified the +4 shortbow of the Spheres {heavy, Stlth+}
 64077 | Lair:4   | Lost mutation: Your magical capacity is low. (-10% MP)
                  | [potion of mutation]
 64077 | Lair:4   | Lost mutation: You passively map a small area around you.
                  | [potion of mutation]
 64077 | Lair:4   | Lost mutation: You have large cloven feet. [potion of
                  | mutation]
 64077 | Lair:4   | Gained mutation: Your flesh is cold resistant. (rC+)
                  | [potion of mutation]
 64077 | Lair:4   | Gained mutation: You occasionally shout uncontrollably at
                  | your foes. [potion of mutation]
 64078 | Lair:4   | Lost mutation: You occasionally shout uncontrollably at
                  | your foes. [potion of mutation]
 64078 | Lair:4   | Lost mutation: You are partially covered in iridescent
                  | scales. (AC +2) [potion of mutation]
 64078 | Lair:4   | Lost mutation: You have supernaturally acute eyesight.
                  | (SInv) [potion of mutation]
 64078 | Lair:4   | Lost mutation: Your body sometimes deteriorates upon taking
                  | damage. [potion of mutation]
 64078 | Lair:4   | Gained mutation: Your mind is acute. (Int +4, Str/Dex -1)
                  | [potion of mutation]
 64078 | Lair:4   | Gained mutation: A frigid envelope surrounds you and
                  | freezes all who hurt you. [potion of mutation]
 64079 | Lair:4   | Lost mutation: Your mind is acute. (Int +4, Str/Dex -1)
                  | [potion of mutation]
 64079 | Lair:4   | Lost mutation: Your spells are a little easier to cast, but
                  | a little less powerful. [potion of mutation]
 64079 | Lair:4   | Lost mutation: Armour fits poorly on your strangely shaped
                  | body. [potion of mutation]
 64467 | Depths:2 | Reached skill level 27 in Armour
 64467 | Depths:2 | Reached skill level 27 in Shields
 64531 | Zig:1    | Entered Level 1 of a ziggurat
 64540 | Zig:1    | Reached skill level 27 in Fighting
 64549 | Zig:1    | Lost intelligence.
 64675 | Zig:2    | Entered Level 2 of a ziggurat
 64678 | Zig:2    | Noticed Goecham the pandemonium lord
 64685 | Zig:2    | Killed Goecham the pandemonium lord
 64711 | Zig:3    | Entered Level 3 of a ziggurat
 64753 | Zig:4    | Entered Level 4 of a ziggurat
 64982 | Zig:5    | Entered Level 5 of a ziggurat
 65042 | Zig:6    | Entered Level 6 of a ziggurat
 65050 | Zig:6    | Found the +8 mithril axe "Arga" {speed, Will+}
 65171 | Zig:7    | Entered Level 7 of a ziggurat
 65177 | Zig:7    | Found the +8 arc blade {discharge, rElec}
 65339 | Zig:7    | Identified the +1 helmet "Woafousid" {+Blink rCorr Str-2
                  | Dex+6}
 65341 | Zig:7    | Identified the +1 chain mail of Weunton {*Corrode Int+4
                  | Dex+2 SInv}
 65369 | Zig:8    | Entered Level 8 of a ziggurat
 65391 | Zig:8    | Received a gift from Okawaru
 65468 | Zig:9    | Entered Level 9 of a ziggurat
 65487 | Zig:9    | Noticed a dread lich
 65498 | Zig:9    | Killed a dread lich
 65767 | Zig:9    | Identified the +6 morningstar of the Shoals {drain, Str+2
                  | Dex+3}
 65794 | Zig:9    | Acquired the amulet "Woegum" {rPois Regen+}
 65813 | Zig:10   | Entered Level 10 of a ziggurat
 65859 | Zig:10   | Identified the +11 scimitar of a Labyrinth {freeze, *Noise
                  | rElec rPois rF-}
 65867 | Zig:10   | Identified the ring "Niehoas" {rF++ rC- Int+6 Dex+5}
 65904 | Zig:10   | Lost intelligence.
 66035 | Zig:11   | Entered Level 11 of a ziggurat
 66060 | Zig:11   | Received a gift from Okawaru
 66068 | Zig:11   | Found the dreamshard necklace {Acrobat *Dream}
 66080 | Zig:11   | Identified the ring "Xeeton" {rC+ rN+ rCorr}
 66099 | Zig:11   | Identified the amulet of Discretion {Spirit Fly Will+
                  | Int-5}
 66104 | Zig:12   | Entered Level 12 of a ziggurat
 66179 | Zig:12   | Noticed a dread lich
 66191 | Zig:12   | Killed a dread lich
 66193 | Zig:12   | Reached skill level 27 in Dodging
 66495 | Zig:12   | Identified the +12 great sword of Untruth {venom, rN+ Str+2
                  | Int-5 Dex+6}
 66499 | Zig:13   | Entered Level 13 of a ziggurat
 66508 | Zig:13   | Noticed a dread lich
 66514 | Zig:13   | Reached skill level 5 in Shapeshifting
 66532 | Zig:13   | Killed a dread lich
 66725 | Zig:13   | Acquired the +8 tower shield of Wejeu {+Blink}
 66763 | Zig:13   | Identified the ring "Asodi" {rC+ rN+ Will- Int+6}
 66770 | Zig:13   | Identified the +9 short sword of Dishonesty {pain, *Noise
                  | MP+9 Stlth+}
 66778 | Zig:14   | Entered Level 14 of a ziggurat
 66817 | Zig:14   | Gained mutation: Your body sometimes deteriorates upon
                  | taking damage. [a shining eye]
 66821 | Zig:14   | Lost mutation: Your body sometimes deteriorates upon taking
                  | damage. [a shining eye]
 66823 | Zig:14   | Gained mutation: You are dopey. (Int -2) [a shining eye]
 66841 | Zig:14   | Identified the +3 demon whip of Focus {elec, rF++ rCorr
                  | Str-4 Dex+2}
 66844 | Zig:14   | Identified the +10 pearl dragon scales "Plog" {rF+ rN+
                  | Regen+ Dex+3}
 67028 | Zot:1    | Entered Level 1 of the Realm of Zot
 67053 | Zot:1    | Lost mutation: You are dopey. (Int -2) [potion of mutation]
 67053 | Zot:1    | Lost mutation: You are covered in fur. (AC +1) [potion of
                  | mutation]
 67053 | Zot:1    | Gained mutation: You are strong-willed. (Will+) [potion of
                  | mutation]
 67053 | Zot:1    | Gained mutation: You passively dampen the noise of your
                  | surroundings. [potion of mutation]
 67056 | Zot:1    | Lost mutation: You sometimes lose your temper in combat.
                  | [potion of mutation]
 67056 | Zot:1    | Lost mutation: You are strong-willed. (Will+) [potion of
                  | mutation]
 67056 | Zot:1    | Lost mutation: Your flesh is cold resistant. (rC+) [potion
                  | of mutation]
 67056 | Zot:1    | Gained mutation: You are strong-willed. (Will+) [potion of
                  | mutation]
 67056 | Zot:1    | Gained mutation: You are frail. (-10% HP) [potion of
                  | mutation]
 67056 | Zot:1    | Gained mutation: You passively map a small area around you.
                  | [potion of mutation]
 67057 | Zot:1    | Lost mutation: You are weak. (Str -2) [potion of mutation]
 67057 | Zot:1    | Lost mutation: You are strong-willed. (Will+) [potion of
                  | mutation]
 67057 | Zot:1    | Lost mutation: A frigid envelope surrounds you and freezes
                  | all who hurt you. [potion of mutation]
 67057 | Zot:1    | Gained mutation: You possess an exceptional clarity of
                  | mind. [potion of mutation]
 67057 | Zot:1    | Gained mutation: You have large cloven feet. [potion of
                  | mutation]
 67057 | Zot:1    | Gained mutation: You have a pair of large horns on your
                  | head. [potion of mutation]
 67065 | Zot:1    | Lost mutation: You have a pair of large horns on your head.
                  | [potion of mutation]
 67065 | Zot:1    | Lost mutation: You possess an exceptional clarity of mind.
                  | [potion of mutation]
 67065 | Zot:1    | Gained mutation: You possess an exceptional clarity of
                  | mind. [potion of mutation]
 67066 | Zot:1    | Lost mutation: You have large cloven feet. [potion of
                  | mutation]
 67066 | Zot:1    | Lost mutation: You possess an exceptional clarity of mind.
                  | [potion of mutation]
 67066 | Zot:1    | Lost mutation: You are frail. (-10% HP) [potion of
                  | mutation]
 67066 | Zot:1    | Gained mutation: You are clumsy. (Dex -2) [potion of
                  | mutation]
 67067 | Zot:1    | Lost mutation: You passively dampen the noise of your
                  | surroundings. [potion of mutation]
 67067 | Zot:1    | Lost mutation: You are clumsy. (Dex -2) [potion of
                  | mutation]
 67067 | Zot:1    | Lost mutation: You passively map a small area around you.
                  | [potion of mutation]
 67067 | Zot:1    | Gained mutation: You have supernaturally acute eyesight.
                  | (SInv) [potion of mutation]
 67067 | Zot:1    | Gained mutation: Your muscles are strong. (Str +4, Int/Dex
                  | -1) [potion of mutation]
 67124 | Zot:1    | Received a gift from Okawaru
 67268 | Zot:1    | Found a transporter.
 67272 | Zot:1    | Noticed Hyollov's ghost (legendary FoHu)
 67273 | Zot:1    | Found a transporter.
 67279 | Zot:1    | Found a bloodstained altar of Trog.
 67279 | Zot:1    | Identified the ring of Xom's Full Attention {rElec rPois
                  | rF++ Will- Str+3}
 67279 | Zot:1    | Identified the +1 cloak of Licuj {rC+ Will+ Int-5 SInv}
 67281 | Zot:1    | Identified the +0 cloak of Bad Feelings {rF++ rN+ Will+
                  | Str-2}
 67479 | Zot:1    | Reached skill level 10 in Shapeshifting
 67833 | Zot:1    | Noticed an orb of fire
 67839 | Zot:1    | Gained mutation: Your magical capacity is low. (-10% MP)
                  | [an orb of fire]
 67850 | Zot:1    | Killed an orb of fire
 69487 | Zot:3    | Identified the +6 hand axe "Nazisami" {venom, Dex+3 SInv}
                  | (Okawaru gifted it to you on level 3 of the Realm of Zot)
 69487 | Zot:3    | Received a gift from Okawaru
 71095 | Zot:5    | Entered Level 5 of the Realm of Zot
 71256 | Zot:5    | Received a gift from Okawaru
 71304 | Zot:5    | Noticed an ancient lich
 71315 | Zot:5    | Killed an ancient lich
 71329 | Zot:5    | Noticed a dread lich
 71346 | Zot:5    | Killed a dread lich
 71358 | Zot:5    | Reached skill level 15 in Shapeshifting
 71359 | Zot:5    | Noticed an orb of fire
 71370 | Zot:5    | Killed an orb of fire
 71448 | Zot:5    | Noticed an ancient lich
 71470 | Zot:5    | Noticed an orb of fire
 71471 | Zot:5    | Noticed an orb of fire
 71485 | Zot:5    | Killed an ancient lich
 71486 | Zot:5    | Killed an orb of fire
 71486 | Zot:5    | Identified the +9 war axe of Ejuvup {flame, *Noise Dex+3}
                  | (Okawaru gifted it to you on level 5 of the Realm of Zot)
 71486 | Zot:5    | Received a gift from Okawaru
 71491 | Zot:5    | Killed an orb of fire
 71659 | Zot:5    | Noticed an ancient lich
 71675 | Zot:5    | Killed an ancient lich
 71731 | Zot:5    | Noticed an ancient lich
 71743 | Zot:5    | Killed an ancient lich
 71883 | Zot:5    | Received a gift from Okawaru
 72378 | Depths:3 | Voluntarily entered the Abyss.
 72563 | Abyss:3  | Noticed a dread lich
 72569 | Abyss:3  | Paralysed by accursed screaming for 1 turns
 72575 | Abyss:3  | Killed a dread lich
 72602 | Abyss:3  | Found a glowing golden altar of the Shining One.
 72610 | Abyss:3  | Noticed a juggernaut
 72619 | Abyss:3  | Killed a juggernaut
 72635 | Abyss:3  | Got an abyssal rune of Zot
 72668 | Abyss:3  | Gained mutation: Your body sometimes deteriorates upon
                  | taking damage. [a neqoxec]
 72694 | Depths:3 | Escaped the Abyss
 72988 | Zot:5    | Got the Orb of Zot
 73109 | Zot:3    | Noticed Timit the pandemonium lord
 73121 | Zot:3    | Killed Timit the pandemonium lord
 73122 | Zot:3    | Noticed Ycsoihunen the pandemonium lord
 73138 | Zot:3    | Killed Ycsoihunen the pandemonium lord
 73393 | Depths:3 | Gained mutation: You are vulnerable to cold. (rC-) [a
                  | cacodemon]
 73483 | Depths:1 | Gained mutation: You are partially covered in large bone
                  | plates. (SH +4) [a neqoxec]
 73526 | Depths:1 | Gained mutation: You are partially covered in iridescent
                  | scales. (AC +2) [a neqoxec]
 73531 | Depths:1 | Gained mutation: You occasionally lose the ability to drink
                  | potions when taking damage. [a neqoxec]
 73679 | D:14     | Identified the -2 pair of gloves "Husuerut" {rC+ Will+}
                  | (Okawaru gifted it to you on level 14 of the Dungeon)
 73679 | D:14     | Received a gift from Okawaru
 73823 | D:11     | Noticed Ikuowkuwk the pandemonium lord
 73833 | D:11     | Noticed Fyros the pandemonium lord
 73903 | D:9      | Noticed a seraph
 74056 | D:1      | Noticed Keukia the pandemonium lord
 74065 | D:$      | Escaped with the Orb!

Illustrated notes

Levels and vault maps discovered:
D:1:      amcnicky_arrival_flooded_fountain, layout_basic
D:2:      layout_rooms, serial_shops, nicolae_book_shop_shelving
D:3:      layout_loops_ring, chequers_serial_rivers_small_a,
          hangedman_decor_peaks_small, minmay_crystal_room,
          minmay_tree_intersection, serial_bayou_lagoon_a,
          minmay_randomly_rotated_circles, uniq_ijyb, uniq_crazy_yiuf_cottage
D:4:      layout_gridville, grunt_temple_overflow_open, led_xom_imps,
          serial_shops, nicolae_shop_bloodbath_and_beyond, minmay_liquid_box
D:5:      layout_loops_ring, kennysheep_slug_shrine,
          minmay_temple_entry_enclosed_plants, uniq_blork_the_orc, uniq_grinder,
          uniq_eustachio
D:6:      layout_cave_pools, minmay_increasing_density
D:7:      layout_loops_ring, lemuel_crystal_altar, uniq_joseph
D:8:      layout_loops_ring, enter_bailey_7, enter_ossuary_3,
          hangedman_abyss_or_decor_jellyfish_corner
D:9:      layout_irregular_city
D:10:     layout_roguey, due_lair_maze_entry_diamond, david_orc_3
D:11:     layout_basic, serial_shops, shop, dreamdust_wishing_well,
          nicolae_ashenzari_skybound
D:12:     layout_roguey, eino_jars
D:13:     layout_cross, gauntlet_entry_generic, minmay_evil_grid
D:14:     minmay_distorted_concentric_squares, layout_stronghold,
          skrybe_vaults_entry_preservation, grunt_decor_clamped
D:15:     hangedman_slaughterboxes
Temple:   chequers_temple_sunken
Lair:1:   layout_loops_ring, nicolae_volcano_entry_s_turn,
          chequers_serial_rivers_large_a
Lair:2:   layout_small_grid, grunt_megastairs_4, lemuel_fruit_tree
Lair:3:   layout_gridlike, shoals_dummy_entry,
          nicolae_spider_entry_orb_guardian, gammafunk_lair_bear_cave,
          uniq_kirke, uniq_nergalle
Lair:4:   layout_loops_ring, minmay_slime_entry_oklob_open,
          grunt_forest_large_clearing_hut, grunt_megastairs_5
Lair:5:   evil_forest, layout_loops_ring, basic_altar, hibernation_bobbens
Shoals:1: layout_shoals
Shoals:2: layout_shoals, nicolae_shoals_dead_sea_scrolls, uniq_frances
Shoals:3: layout_shoals, serial_nicolae_subway, nicolae_sub_station_metal,
          nicolae_sub_station_stone, nicolae_sub_station_crystal
Shoals:4: shoals_end_hellmonk_lost_city, uniq_polyphemus
Spider:1: layout_spider_delve, nicolae_spider_some_kinda_spiderbox
Spider:2: layout_spider_delve
Spider:3: nicolae_spider_jumping_over_cracks [nicolae_spider_jumping_sub_rim,
          nicolae_spider_jumping_sub_plain, nicolae_spider_jumping_sub_moat,
          nicolae_spider_jumping_sub_pools], nicolae_spider_claw_tunnel
Spider:4: hellmonk_spider_rune_endless_swarm
Slime:1:  layout_caves
Slime:2:  layout_caves, basic_altar, nicolae_slime_rock_hall_of_fame
Slime:3:  layout_caves, nicolae_slime_round_cave
Slime:4:  layout_caves
Slime:5:  slime_pit_nicolae_amoeboid
Orc:1:    layout_diamond_mine, portal_ice_cave_entry_imps, uniq_snorg,
          uniq_maurice, uniq_harold, uniq_urug
Orc:2:    st_orc_mages, layout_caves, nicolae_orc_rockfall,
          nicolae_orc_sculptors_studio
Elf:1:    minmay_the_grid_four_pointed_star_mashed
          [minmay_the_grid_triangle_9x9_checkered,
          minmay_the_grid_triangle_9x9_skeleton,
          minmay_the_grid_triangle_9x9_descending_squares,
          minmay_the_grid_triangle_9x9_thin_v,
          minmay_the_grid_prize_four_corners], layout_loops_corners,
          minivault_28
Elf:2:    nicolae_elf_blades_crystal_corner, layout_rooms, uniq_azrael,
          uniq_saint_roka, uniq_agnes
Elf:3:    minmay_elf_hall_hex, layout_geoelf_octagon, uniq_zenata
Vaults:1: not_door_vault_due, v_misc_28, vaults_room_grunt_arrival_ludios,
          nicolae_vaults_tetromino_L_2, nicolae_vaults_cornered_office,
          vaults_mumra_hex, nicolae_vaults_two_Ls, nicolae_vaults_triangles,
          v_pattern_1, ontoclasm_vaults_pinch, ontoclasm_vaults_fault,
          nicolae_vaults_trapezoid_4, vaults_dpeg_emergency_exit,
          nicolae_vaults_house_2, layout_vaults_maze
Vaults:2: ontoclasm_vaults_ligature, nicolae_vaults_house_2,
          nicolae_vaults_sealed_display, nicolae_vaults_trapezoid_2,
          serial_ice_g, nicolae_vaults_double_plus_3, vaults_room_grid,
          nicolae_vaults_yaktaur_gun_rack, gammafunk_the_bubble
          [the_bubble_gammafunk_plus_minus], nicolae_vaults_sesquioval_fish,
          hangedman_vaults_restitches, nicolae_vaults_shelves_hall,
          nicolae_vaults_more_shelving_2, grunt_vaults_funnel,
          hangedman_vaults_stretched_pinwheel, layout_vaults_ring, serial_shops,
          shop
Vaults:3: nicolae_vaults_network_quincunx
          [nicolae_vaults_network_quincunx_subvault,
          nicolae_vaults_network_quincunx_subvault,
          nicolae_vaults_network_quincunx_subvault,
          nicolae_vaults_network_quincunx_subvault,
          nicolae_vaults_network_quincunx_subvault],
          vaults_mumra_minichess_inversion, v_misc_12, hangedman_vaults_snaps,
          nicolae_vaults_closet_pinwheel_2, v_misc_8, hangedman_vaults_slither,
          blue_anna_dwarven_crypt, vaults_room_guarded_vault,
          layout_vaults_omnigrid
Vaults:4: mu_enter_wizlab_1, v_misc_5, nicolae_vaults_more_shelving_1,
          hangedman_vaults_nodes, v_pattern_2, grunt_vaults_swirl,
          nicolae_vaults_asterisk, hangedman_vaults_corner,
          nicolae_vaults_little_squares_5, nicolae_vaults_oval_intersection,
          nicolae_vaults_oozy_zoo, layout_vaults_omnibox, uniq_boris
Vaults:5
Crypt:1:  layout_chaotic_city, basic_altar, minivault_4,
          grunt_crypt_arrival_guarded_gate
Crypt:2:  layout_rooms
Crypt:3:  lightli_unholy_cathedral, layout_chaotic_city,
          tomb_entry_forgotten_bobbens
Depths:1: layout_basic, rand_demon_pan_entry_4, hell_entry,
          grunt_decor_mini_mirrors, nrook_campfire, zin_statuary,
          minmay_shop_grove
Depths:2: hangedman_cross_veins, layout_gridlike, grunt_metal_band,
          biasface_ghost_demon_polymorph, abyss_entry, grunt_pan_entry_sceptre,
          serial_bayou_lake_a, uniq_vv
Depths:3: cheibrodos_leafed_vault, layout_honeycomb,
          hangedman_abyss_entry_splay, hangedman_coc_ice_floe,
          lightli_fourway_metalbox, uniq_norris
Depths:4: evilmike_zot_entry_gauntlet, layout_basic, enter_ziggurat_e,
          nicolae_ru_the_path_less_chosen, hellmouth_1
Zot:1:    layout_onion, gammafunk_ghost_wrathful_warriors
Zot:2:    layout_basic, grunt_ministairs_14, st_stairs_8
Zot:3:    layout_onion_interference
Zot:4:    layout_basic, grunt_megastairs_2
Zot:5:    layout_basic

Skill      XL: |  1  2  3  4  5  6  7  8  9 10 11 12 13 14 15 16 17 18 19 20 21 22 23 24 25 26 27 |
---------------+----------------------------------------------------------------------------------+-----
Dodging        | 1 2 3 4 5 6 8 9 10 12 13 14 15 16 17 18 19 20 21 22 23 24 27 | 27.0
Armour         | 4 5 6 7 8 9 11 12 13 14 15 16 17 18 19 20 21 22 23 24 25 26 27 | 27.0
Fighting       | 4 5 6 7 8 10 11 12 13 14 15 16 17 18 19 20 21 22 23 24 25 26 27 | 27.0
Shields        | 4 5 6 7 8 9 11 12 13 14 15 16 17 18 19 20 21 22 23 24 25 26 27 | 27.0
Axes           | 3 4 5 6 8 9 10 12 13 14 16 17 18 19 20 21 22 24 26 27 | 27.0
Shapeshifting  | 18 | 18.0

Action                     |  1- 3 |  4- 6 |  7- 9 | 10-12 | 13-15 | 16-18 | 19-21 | 22-24 | 25-27 || total
---------------------------+-------+-------+-------+-------+-------+-------+-------+-------+-------++-------
  Melee: War axe           |    91 |   121 |   258 |   390 |    22 |       |       |       |       ||   882
         Headbutt          |    10 |    16 |    39 |    92 |   124 |   339 |   397 |   373 |   824 ||  2214
         Broad axe         |       |       |       |       |   462 |  1298 |  1219 |  1216 |  2369 ||  6564
         Unarmed           |       |       |       |       |    12 |       |       |       |       ||    12
 Invoke: Heroism           |       |       |     1 |    10 |     4 |     8 |    12 |     5 |    14 ||    54
  Evoke: Wand              |       |       |     1 |     7 |     1 |     2 |    10 |     3 |     4 ||    28
    Use: Scroll            |     6 |     3 |    10 |    11 |    14 |     5 |    14 |    10 |    28 ||   101
         Potion            |     2 |     1 |     3 |     9 |     3 |     2 |    11 |     6 |    39 ||    76
   Stab: Fleeing           |       |       |       |     1 |       |       |       |       |       ||     1
         Petrified         |       |       |       |     5 |       |       |     8 |       |       ||    13
         Distracted        |       |       |       |       |     1 |     1 |       |     1 |       ||     3
         Paralysed         |       |       |       |       |       |     1 |     3 |       |       ||     4
         Invisible         |       |       |       |       |       |       |    36 |    22 |    45 ||   103
         Confused          |       |       |       |       |       |       |     1 |       |     2 ||     3
 Armour: Scale mail        |    37 |    59 |    87 |   104 |       |       |       |       |       ||   287
         Chain mail        |       |       |       |    79 |    37 |       |       |       |       ||   116
         Pearl dragon scal |       |       |       |       |   164 |   352 |   284 |   238 |   402 ||  1440
         Crystal plate arm |       |       |       |       |       |       |       |       |    63 ||    63
  Dodge: Dodged            |    39 |    81 |   200 |   497 |   477 |   937 |   746 |   699 |  1516 ||  5192
  Block: Buckler           |    17 |    24 |    64 |   239 |   362 |   726 |   798 |   658 |   228 ||  3116
         Reflection        |       |       |       |     5 |    11 |    48 |   105 |    47 |    37 ||   253
         Other             |       |       |       |       |     4 |       |       |       |       ||     4
         Kite shield       |       |       |       |       |       |   273 |       |    68 |  1137 ||  1478
         Tower shield      |       |       |       |       |       |       |       |       |  1017 ||  1017

Table legend: (Time is in decaauts)
 A = Elapsed time spent in this place.
 B = Non-inter-level travel time spent in this place.
 C = Inter-level travel time spent in this place.
 D = Time resting spent in this place.
 E = Time spent auto-exploring this place.
 F = Levels seen in this place.
 G = Mean time per level.
                   A        B        C        D        E       F      G
               +--------+--------+--------+--------+--------+-----+--------+
         Total |  73209 |  67720 |   5489 |   5799 |  44539 |  81 |  903.8 |
       Dungeon |  18512 |  16730 |   1782 |   1332 |  11628 |  15 | 1234.1 |
        Temple |     53 |      1 |     52 |      0 |      0 |   1 |   53.0 |
          Lair |   6224 |   5702 |    522 |    351 |   4199 |   5 | 1244.8 |
        Shoals |   4264 |   4080 |    184 |    135 |   2908 |   4 | 1066.0 |
   Spider Nest |   4319 |   4009 |    310 |     72 |   3010 |   4 | 1079.8 |
    Slime Pits |   1562 |   1525 |     37 |    316 |    318 |   5 |  312.4 |
  Orcish Mines |   1378 |   1202 |    176 |      0 |    914 |   2 |  689.0 |
   Elven Halls |   3663 |   3449 |    214 |      6 |   2533 |   3 | 1221.0 |
        Vaults |   9941 |   9270 |    671 |    477 |   6551 |   5 | 1988.2 |
         Crypt |   3825 |   3733 |     92 |    229 |   2722 |   3 | 1275.0 |
        Depths |   7122 |   6146 |    976 |    880 |   3962 |   4 | 1780.5 |
           Zot |   5396 |   4927 |    469 |     25 |   3608 |   5 | 1079.2 |
         Abyss |   1758 |   1758 |      0 |      0 |    989 |   6 |  293.0 |
      Ziggurat |   2327 |   2327 |      0 |   1297 |    124 |  14 |  166.2 |
       Ossuary |    218 |    218 |      0 |     18 |    104 |   1 |  218.0 |
        Bailey |    259 |    259 |      0 |     69 |     59 |   1 |  259.0 |
      Ice Cave |    729 |    729 |      0 |    189 |    260 |   1 |  729.0 |
        Wizlab |    986 |    986 |      0 |    268 |    304 |   1 |  986.0 |
      Gauntlet |    664 |    664 |      0 |    131 |    341 |   1 |  664.0 |
               +--------+--------+--------+--------+--------+-----+--------+

Top non-repeatable levels by time:
Vaults:5: 2455 daAuts
    D:15: 2302 daAuts
Depths:4: 2155 daAuts
    D:14: 2020 daAuts
Depths:2: 2010 daAuts
Vaults:1: 1963 daAuts
Vaults:3: 1950 daAuts
    D:12: 1942 daAuts
Vaults:4: 1910 daAuts
Vaults:2: 1662 daAuts
Spider:4: 1561 daAuts
   Elf:3: 1481 daAuts
Depths:3: 1479 daAuts
Depths:1: 1476 daAuts
 Abyss:3: 1435 daAuts
